 Dungeon Crawl Stone Soup version 0.31.0-32-g396128a36d (webtiles) character file.

Game seed: 16501956746394392351

95 PaiMei the Grave Robber (level 4, -1/32 HPs)
             Began as a Demonspawn Necromancer on Apr 2, 2024.
             Incinerated by a bombardier beetle (4 damage)
             ... with a burning spray
             ... on level 3 of the Dungeon.
             The game lasted 00:02:57 (1931 turns).

PaiMei the Grave Robber (Demonspawn Necromancer)    Turns: 1931, Time: 00:02:58

Health: -1/32      AC:  3    Str:  9    XL:     4   Next: 40%
Magic:  6/8        EV: 12    Int: 17    God:
Gold:   79         SH:  0    Dex: 13    Spells: 4/8 levels left

rFire   . . .        f - +0 trident (freeze)
rCold   . . .        (no shield)
rNeg    . . .        a - +0 robe
rPois   .            (no helmet)
rElec   .            (no cloak)
rCorr   .            (no gloves)
SInv    .            c - +0 pair of boots
Will    .....        (no amulet)
Stlth   +            (no ring)
HPRegen 0.25/turn    (no ring)
MPRegen 0.11/turn

%: no passive effects
@: on fire, glowing
A: claws 2
a: no special abilities


You were on level 3 of the Dungeon.
You visited 1 branch of the dungeon, and saw 3 of its levels.

You collected 79 gold pieces.

Inventory:

Hand Weapons
 f - a +0 trident of freezing (weapon)
Missiles
 l - 13 poisoned darts (quivered)
Armour
 a - a +0 robe (worn)
 c - a +0 pair of boots (worn)
Jewellery
 m - an amulet of guardian spirit
Scrolls
 d - a scroll of amnesia {unknown}
 h - a scroll of blinking {unknown}
 k - 2 scrolls of identify {unknown}
Potions
 b - a potion of magic
 e - a potion of enlightenment {unknown}
 g - a potion of might {unknown}
 i - a potion of haste {unknown}
 j - a potion of curing {unknown}


   Skills:
 + Level 1.2 Fighting
 + Level 2.6 Dodging
 - Level 2.3 Stealth
 + Level 2.7 Spellcasting
 + Level 4.9 Necromancy


You had 4 spell levels left.
You knew the following spells:

 Your Spells              Type           Power      Damage    Failure   Level
a - Necrotise             Necr           76%        1d7       2%          1
b - Vampiric Draining     Necr           19%        2d7       7%          3

Your spell library contained the following spells:

 Spells                   Type           Power      Damage    Failure   Level
 Fugue of the Fallen      Necr           19%        N/A       7%          3
 Sting                    Conj/Alch      8%         1d3       19%         1
 Animate Dead             Necr           19%        N/A       24%         4
 Mercury Vapours          Alch/Air       4%         N/A       26%         2
 Ozocubu's Armour         Ice            2%         N/A       47%         3
 Manifold Assault         Tloc           2%         N/A       87%         4
 Olgreb's Toxic Radiance  Alch           2%         N/A       87%         4
 Curse of Agony           Necr           19%        N/A       54%         5


Dungeon Overview and Level Annotations

Branches:
Dungeon (3/15)

Altars:
Xom


Innate Abilities, Weirdness & Mutations

You have very sharp fingernails.


Message History

The bombardier beetle writhes in agony.
The bombardier beetle sprays incendiary fluid at you.
The burning spray hits you.
You are covered in liquid fire!
Casting: Necrotise (safe; 2% risk of failure)
Confirm with . or Enter, or press ? or * to list all spells.
You can't see any susceptible monsters within range! (Use Z to cast anyway.)
You shake off some of the fire as you move.
The liquid fire burns you!
Casting: Necrotise (safe; 2% risk of failure)
Confirm with . or Enter, or press ? or * to list all spells.
Okay, then.
You hit the bombardier beetle but do no damage.
The bombardier beetle is lightly wounded.
The liquid fire burns you! The bombardier beetle bites you.
You barely miss the bombardier beetle.
The bombardier beetle is lightly wounded.
The liquid fire burns you! The bombardier beetle bites you.
Your kobold skeleton hits the bombardier beetle but does no damage.
You barely miss the bombardier beetle.
The bombardier beetle is lightly wounded.
The liquid fire burns you!
Your kobold skeleton hits the bombardier beetle.
The bombardier beetle sprays incendiary fluid at you.
The burning spray hits you.
You are even more covered in liquid fire!
You shake off some of the fire as you move.
The liquid fire burns you!
* * * LOW HITPOINT WARNING * * *
You shake off some of the fire as you move.
The liquid fire burns you!
* * * LOW HITPOINT WARNING * * *
Your kobold skeleton hits the bombardier beetle but does no damage.
The bombardier beetle bites your kobold skeleton.
You see here a +0 whip.
You shake off some of the fire as you move.
The liquid fire burns you!
You die...

######### ##.......#
#..##.##.##
#.##......#
#.####@.###
#.##$.):..#
#.###.##.##
###########.##.Z....#
#............#B####.#
#.###......###.. .#
..# #.####.# ##.# ##
..# #.# #.# ..
..###.####.## #..


You could see a bombardier beetle (ally target) and a friendly kobold skeleton.

Vanquished Creatures
  Jessica (D:2)
  2 adders
  A ribbon worm (D:1)
  An orc (D:3)
  6 bats
  5 endoplasms (D:1)
  2 giant cockroaches (D:1)
  A goblin (D:2)
  7 hobgoblins
  2 jackals (D:1)
  3 quokkas (D:1)
  2 ball pythons
  A frilled lizard (D:1)
  6 kobolds
  3 rats
43 creatures vanquished.

Vanquished Creatures (collateral kills)
  A quokka (D:2)
  A frilled lizard (D:3)
2 creatures vanquished.

Grand Total: 45 creatures vanquished

Notes
Turn   | Place    | Note
-------+----------+-------------------------------------------
     0 | D:1      | PaiMei the Demonspawn Necromancer began the quest for the
                  | Orb.
     0 | D:1      | Reached XP level 1. HP: 13/13 MP: 3/3
   236 | D:1      | Gained mutation: You have sharp fingernails. [demonic
                  | ancestry]
   236 | D:1      | Reached XP level 2. HP: 17/19 MP: 0/5
  1025 | D:1      | Reached XP level 3. HP: 24/24 MP: 4/6
  1029 | D:1      | Learned a level 3 spell: Vampiric Draining
  1376 | D:2      | Noticed Jessica
  1398 | D:2      | Killed Jessica
  1399 | D:2      | Reached skill level 1 in Fighting
  1399 | D:2      | Gained mutation: You have very sharp fingernails. [demonic
                  | ancestry]
  1399 | D:2      | Reached XP level 4. HP: 32/32 MP: 2/7
  1844 | D:3      | Found a shimmering altar of Xom.
  1931 | D:3      | Incinerated by a bombardier beetle

Illustrated notes

Levels and vault maps discovered:
D:1:      sevenhm_arrival_forest_fort_large_2, layout_loops_ring,
          serial_park_tiny_1
D:2:      layout_rooms, uniq_jessica
D:3:      layout_loops_ring, minmay_overflow_temple_hex, xom_teletrap_fun,
          ebering_ghost_reflecting_pool, minmay_misc_feat_alley, st_stairs_10

Skill      XL: |  1  2  3 |
---------------+----------+-----
Stealth        | 2 |  2.3
Dodging        | 2 |  2.6
Fighting       | 1 |  1.2
Spellcasting   | |  2.7
Necromancy     | |  4.9

Action                     |  1- 3 |  4- 6 || total
---------------------------+-------+-------++-------
  Melee: Unarmed           |     7 |       ||     7
         Trident           |     4 |     4 ||     8
   Cast: Necrotise         |    54 |    24 ||    78
 Armour: Robe              |    13 |     4 ||    17
  Dodge: Dodged            |    21 |    10 ||    31
